 Dungeon Crawl Stone Soup version 0.30-a0-748-ge6a52f7cba (webtiles) character file.

Game seed: 3355679096658354006

12691 lunkers the Party-goer (level 12, 0/110 HPs)
             Began as a Meteoran Gladiator on Feb 6, 2023.
             Was a Follower of Uskayaw.
             Slain by a cane toad (20 damage)
             ... on level 5 of the Lair of Beasts on Feb 8, 2023.
             The game lasted 00:15:10 (5298 turns).

lunkers the Party-goer (Meteoran Gladiator)         Turns: 5298, Time: 00:15:11

Health: 0/110      AC: 11    Str: 23    XL:     12   Next: 53%
Magic:  18/21      EV: 19    Int:  9    God:    Uskayaw [*.....]
Gold:   653        SH:  6    Dex: 21    Spells: 11/11 levels left

rFire   . . .      SeeInvis .    l - +2 dagger (drain)
rCold   . . .      Faith    .    y - +0 buckler
rNeg    + . .      Spirit   .    t - +3 leather armour {Will+}
rPois   .          Reflect  .    c - +1 helmet
rElec   .          Harm     .    u - +0 cloak
rCorr   .          Rampage  .    n - +0 pair of gloves
Will    ++...                    B - +0 pair of boots
Stlth   +                        q - amulet of the acrobat
HPRegen 0.38/turn                C - +6 ring of strength
MPRegen 0.17/turn                j - ring of positive energy

@: glowing
A: sense surroundings 2, otherworldly, glowing, explore regen
a: Renounce Religion, Stomp


You were on level 5 of the Lair of Beasts.
You worshipped Uskayaw.
Uskayaw was aware of your devotion.
You visited 3 branches of the dungeon, and saw 14 of its levels.
You also visited: Sewer.

You collected 653 gold pieces.

Inventory:

Hand Weapons
 a - a +0 long sword
 l - a +2 dagger of draining (weapon)
 D - a +1 dagger of chaos
Missiles
 d - 6 throwing nets
 e - a javelin
Armour
 c - a +1 helmet (worn)
 n - a +0 pair of gloves (worn)
 o - a +3 ring mail
 t - a +3 leather armour of willpower (worn)
 u - a +0 cloak (worn)
 y - a +0 buckler (worn)
 z - +2 steam dragon scales
 B - a +0 pair of boots (worn)
Jewellery
 j - a ring of positive energy (right hand)
 k - a ring of magical power
 q - an amulet of the acrobat (around neck)
 C - a +6 ring of strength (left hand)
 I - a ring of positive energy
Wands
 p - a wand of digging (8)
 r - a wand of flame (17)
 x - a wand of polymorph (9)
 E - a wand of quicksilver (1)
Scrolls
 b - a scroll of enchant weapon
 h - 9 scrolls of teleportation
 w - a scroll of enchant armour
 A - a scroll of magic mapping
Potions
 f - 4 potions of curing
 g - a potion of invisibility
 i - 3 potions of heal wounds
 m - a potion of magic {unknown}
 s - 4 potions of flight
 v - 4 potions of lignification
 F - 2 potions of degeneration {unknown}
 G - a potion of berserk rage
 H - a potion of might {unknown}


   Skills:
 + Level 11.4 Fighting
 - Level 9.5(10.0) Short Blades
 - Level 4.8(8.2) Long Blades
 - Level 2.4 Throwing
 + Level 1.6 Armour
 + Level 10.1 Dodging
 - Level 4.0 Shields
 + Level 11.9 Invocations
 * Level 2.6 Evocations


You had 11 spell levels left.
You didn't know any spells.
Your spell library contained the following spells:

 Spells                   Type           Power      Damage    Failure   Level
 Magic Dart               Conj           0%         1d3       52%         1
 Call Imp                 Summ           0%         N/A       67%         2
 Cigotuvi's Dreadful Rot  Necr/Pois/Air  0%         N/A       67%         2
 Poisonous Vapours        Pois/Air       0%         N/A       67%         2
 Static Discharge         Conj/Air       0%         2-2/arc   67%         2
 Gell's Gravitas          Tloc           0%         N/A       88%         3
 Inner Flame              Hex/Fire       0%         N/A       88%         3
 Mephitic Cloud           Conj/Pois/Air  0%         N/A       88%         3
 Teleport Other           Tloc           0%         N/A       88%         3
 Vhi's Electric Charge    Tloc/Air       0%         N/A       88%         3
 Flame Wave               Conj/Fire      0%         2d4       99%         4
 Leda's Liquefaction      Hex/Erth       0%         N/A       99%         4
 Sticky Flame             Conj/Fire      0%         2d3       99%         4
 Arcjolt                  Conj/Air       0%         1d10      100%        5
 Lee's Rapid Deconstruct  Erth           0%         3d4*      100%        5
 Lightning Bolt           Conj/Air       0%         1d11      100%        5
 Dispersal                Tloc           0%         N/A       100%        6
 Statue Form              Tmut/Erth      0%         N/A       100%        6


Dungeon Overview and Level Annotations

Branches:
Dungeon (8/15) Zot: 1413   Temple (1/1) D:4 Zot: 369    Lair (5/5) D:8 Zot: 1960
  Slime (0/5) Lair:5        Sewer (visited)
  Swamp: Lair:2-3    Shoals: Lair:2-3     Snake: Lair:2-3    Spider: Lair:2-3

Altars:
Ashenzari
Cheibriados
Dithmenos
Elyvilon
Fedhas
Gozag
Kikubaaqudgha
Makhleb
Nemelex Xobeh
Okawaru
Qazlal
Ru
Sif Muna
Trog
Uskayaw
Vehumet
Wu Jian
Xom
Yredelemnul
The Shining One
Jiyva

Shops:
D:3 (   D:4 *


Innate Abilities, Weirdness & Mutations

You passively map the area around you.
You are easily found by Zot.
You glow in the dark.
You regain HP and MP as you explore.


Message History

Aiming: Throw Flame
Press: ? - help, Shift-Dir - straight line, f/p - four-headed hydra
Aim: a four-headed hydra (moderately wounded, 90% to hit)
The puff of flame hits the four-headed hydra!
The four-headed hydra is heavily wounded.
You can now pass through a line of other dancers.
Aiming: Throw Flame
Press: ? - help, Shift-Dir - straight line, f/p - four-headed hydra
Aim: a four-headed hydra (heavily wounded, 90% to hit)
The puff of flame hits the four-headed hydra.
The four-headed hydra is heavily wounded.
You block the water moccasin's attack.
You hit the four-headed hydra.
The four-headed hydra is heavily wounded.
The water moccasin bites you.
You puncture the four-headed hydra!
The four-headed hydra is heavily wounded.
The four-headed hydra bites you! x2
* * * LOW HITPOINT WARNING * * *
The four-headed hydra bites you!
* * * LOW HITPOINT WARNING * * *
The four-headed hydra bites you.
* * * LOW HITPOINT WARNING * * *
You hit the four-headed hydra. You drain the four-headed hydra.
The four-headed hydra is severely wounded.
The water moccasin misses you. The four-headed hydra bites you!
* * * LOW HITPOINT WARNING * * *
The four-headed hydra barely misses you.
The four-headed hydra bites you!
* * * LOW HITPOINT WARNING * * *
The four-headed hydra bites you!
* * * LOW HITPOINT WARNING * * *
Unknown command.
You stomp with the beat, sending a shockwave through the revellers around you!
The water moccasin is heavily wounded.
The cane toad is moderately wounded.
The four-headed hydra is almost dead.
You can no longer pass through a line of other dancers.
The water moccasin barely misses you. The cane toad stings you!!
You die...

# ,, , , , ########## ###
#.P#.# , , ,
.#.##....###.# * .....#.
.##.....P....# ##......,,
,, ,,
....#........###....P##. ,
........................ *
...........†.......#.... ,
..............P...#..?#* *
.^..#.....#.....@.....## ~
#..............DSF.....#*
~
.......................#*~
...#...>_..#...!......##
#......................# *
..................#....P*
....#.....#............. ,
, , ,.#.........#.###P.,,
, ,..............# #P *


You could see a four-headed hydra (drained), a cane toad and a water moccasin.

Vanquished Creatures
  A hydra (Lair:4)
  5 elephants (Lair:3)
  A black mamba (Lair:4)
  5 cane toads
  Maggie (D:7)
  Psyche (D:8)
  2 komodo dragons
  7 blink frogs
  2 basilisks (Lair:1)
  14 yaks
  A steam dragon (D:6)
  Edmund (D:5)
  3 vampire mosquitoes (D:6)
  A swamp worm (Lair:2)
  4 water moccasins
  3 ice beasts
  An orc warrior (D:7)
  4 black bears
  2 sky beasts
  An ogre (D:5)
  2 centaurs (D:5)
  A phantom (D:4)
  4 bullfrogs
  A scorpion (D:5)
  A kobold brigand (D:6)
  2 necrophages
  A gnoll sergeant (D:7)
  A howler monkey (D:8)
  5 hounds
  Crazy Yiuf (D:3)
  4 orc priests
  A jelly (D:6)
  2 gnoll boudas
  Ijyb (D:3)
  Natasha (thrice) (D:2)
  4 iguanas
  5 orc wizards
  15 gnolls
  2 adders (D:5)
  A shadow imp (D:6)
  2 white imps
  An ufetubus (D:7)
  3 worms
  2 dart slugs
  32 orcs
  5 ball pythons
  12 endoplasms
  5 giant cockroaches
  3 goblins
  4 hobgoblins
  7 jackals
  8 kobolds
  2 quokkas
  10 bats
  3 frilled lizards
  4 rats
220 creatures vanquished.

Vanquished Creatures (others)
  5 fungi
  2 plants
7 creatures vanquished.

Grand Total: 227 creatures vanquished

Notes
Turn   | Place    | Note
-------+----------+-------------------------------------------
     0 | D:1      | lunkers the Meteoran Gladiator began the quest for the Orb.
     0 | D:1      | Reached XP level 1. HP: 17/17 MP: 2/2
    90 | D:1      | Reached XP level 2. HP: 24/24 MP: 3/3
   275 | D:1      | Reached XP level 3. HP: 8/28 MP: 4/4
   478 | D:1      | Reached skill level 1 in Short Blades
   492 | D:1      | Glimpsed the power of Zot.
   603 | D:2      | Noticed Natasha
   615 | D:2      | Killed Natasha
   616 | D:2      | Reached XP level 4. HP: 13/36 MP: 5/5
   766 | D:2      | Noticed Natasha
   785 | D:2      | Killed Natasha
   786 | D:2      | Reached XP level 5. HP: 40/41 MP: 6/6
   847 | D:2      | Noticed Natasha
   852 | D:2      | Killed Natasha
   952 | D:3      | Noticed Ijyb
   969 | D:3      | Killed Ijyb
   983 | D:3      | Upgraded the game from 0.30-a0-743-gbfdf073431 to
                  | 0.30-a0-748-ge6a52f7cba
   999 | D:3      | Found a runed translucent door.
  1000 | D:3      | Noticed Crazy Yiuf
  1011 | D:3      | Killed Crazy Yiuf
  1012 | D:3      | Reached XP level 6. HP: 46/48 MP: 7/7
  1149 | D:3      | Found a glowing drain.
  1153 | D:3      | Found Caschux's Antique Weapon Shop.
  1169 | D:3      | Reached skill level 5 in Short Blades
  1193 | Sewer    | Entered a sewer
  1219 | Sewer    | Noticed a water moccasin
  1241 | Sewer    | Killed a water moccasin
  1242 | Sewer    | Reached XP level 7. HP: 37/55 MP: 8/8
  1524 | D:4      | Found a staircase to the Ecumenical Temple.
  1549 | Temple   | Entered the Ecumenical Temple
  1751 | Temple   | Became a worshipper of Uskayaw the Reveller
  1827 | D:4      | Reached * piety under Uskayaw
  1828 | D:4      | Reached ** piety under Uskayaw
  1841 | D:4      | Found a stormy altar of Qazlal.
  1928 | D:4      | Found Seckag's Overcharged Wands.
  1944 | D:4      | Reached *** piety under Uskayaw
  1947 | D:4      | Reached **** piety under Uskayaw
  1956 | D:4      | Reached ***** piety under Uskayaw
  2167 | D:4      | Reached XP level 8. HP: 60/61 MP: 9/9
  2390 | D:5      | Entered Level 5 of the Dungeon
  2459 | D:5      | Found a sparkling altar of Nemelex Xobeh.
  2650 | D:5      | Noticed Edmund
  2669 | D:5      | Killed Edmund
  2670 | D:5      | Gained mutation: You passively map the area around you.
                  | [Meteoran growth]
  2670 | D:5      | Reached XP level 9. HP: 68/73 MP: 10/10
  2739 | D:5      | Reached skill level 5 in Fighting
  2887 | D:5      | Reached skill level 1 in Invocations
  3014 | D:6      | Found a white marble altar of Elyvilon.
  3068 | D:6      | Reached skill level 5 in Dodging
  3266 | D:6      | Reached skill level 5 in Invocations
  3266 | D:6      | Reached XP level 10. HP: 59/86 MP: 14/14
  3354 | D:7      | Found an ancient bone altar of Kikubaaqudgha.
  3484 | D:7      | Noticed Maggie
  3505 | D:7      | Killed Maggie
  3506 | D:7      | Reached skill level 1 in Shields
  3802 | D:7      | Found a burning altar of Makhleb.
  3861 | D:8      | Noticed Psyche
  3875 | D:8      | Killed Psyche
  4067 | D:8      | Found a staircase to the Lair.
  4076 | Lair:1   | Entered Level 1 of the Lair of Beasts
  4227 | Lair:1   | Reached XP level 11. HP: 92/95 MP: 17/17
  4772 | Lair:3   | Noticed an elephant
  4772 | Lair:3   | Noticed an elephant
  4772 | Lair:3   | Noticed an elephant
  4772 | Lair:3   | Noticed an elephant
  4772 | Lair:3   | Noticed an elephant
  4791 | Lair:3   | Killed an elephant
  4795 | Lair:3   | Killed an elephant
  4796 | Lair:3   | Reached skill level 10 in Fighting
  4799 | Lair:3   | Killed an elephant
  4805 | Lair:3   | Killed an elephant
  4805 | Lair:3   | Reached ****** piety under Uskayaw
  4806 | Lair:3   | Reached skill level 10 in Dodging
  4806 | Lair:3   | Reached skill level 10 in Invocations
  4806 | Lair:3   | Killed an elephant
  4826 | Lair:3   | Reached XP level 12. HP: 106/107 MP: 20/20
  5174 | Lair:4   | Noticed a five-headed hydra
  5195 | Lair:4   | Killed a five-headed hydra
  5196 | Lair:4   | Reached skill level 1 in Armour
  5196 | Lair:4   | Reached skill level 1 in Evocations
  5225 | Lair:5   | Entered Level 5 of the Lair of Beasts
  5244 | Lair:5   | Found a staircase to the Slime Pits.
  5244 | Lair:5   | Found a viscous altar of Jiyva.
  5286 | Lair:5   | Noticed a four-headed hydra
  5298 | Lair:5   | Slain by a cane toad

Illustrated notes

Levels and vault maps discovered:
D:1:      evilmike_arrival_crescent, layout_basic, minmay_domino_2
D:2:      layout_basic, minivault_11, uniq_natasha
D:3:      layout_basic, cheibrodos_sewer_entry_drain, serial_shops, shop,
          hangedman_abyss_or_decor_stabs, uniq_ijyb, uniq_crazy_yiuf_cottage
D:4:      layout_gridville, nicolae_qazlal_scattered_showers,
          minmay_temple_entry_drinking_statues, corexii_corridor_pit,
          corexii_item_surrounded_by_moat, nicolae_shop_overcharged_wands
D:5:      layout_loops_cross, lemuel_crystal_altar, lemuel_flamethrower_2,
          uniq_edmund
D:6:      layout_basic, amcnicky_altar_gilded, uniq_pikel
D:7:      layout_gridville, makhleb_heckhound_becter,
          mainiacjoe_overflow_catwalk, uniq_menkaure, uniq_maggie
D:8:      layout_gridville, dpeg_oklobed_lair, kennysheep_generic_room_13,
          uniq_psyche, uniq_joseph
Temple:   bh_familiar_temple
Lair:1:   layout_cave_pods
Lair:2:   layout_roguey, minmay_swamp_entry_eels, worms_lemuel, uniq_fannar
Lair:3:   layout_regular_city, spider_nest_entry_rubble,
          dreamdust_mushroom_princess, uniq_snorg, uniq_gastronok
Lair:4:   layout_regular_city, serial_bayou_shore_b, infiniplex_staircase_pool,
          grunt_megastairs_1
Lair:5:   guppyfry_lair_end_dragon, layout_misc_corridors, wormcave,
          nicolae_slime_entry_slimehenge, nicolae_volcano_entry_hallway,
          portal_ice_cave_entry_animals_and_master

Skill      XL: |  1  2  3  4  5  6  7  8  9 10 11 12 |
---------------+-------------------------------------+-----
Long Blades    | 4 |  4.8
Short Blades   | 2 3 4 6 7 9 |  9.5
Fighting       | 4 7 8 10 11 | 11.4
Dodging        | 6 8 10 | 10.1
Invocations    | 5 7 10 11 | 11.9
Shields        | 4 |  4.0
Armour         | 1 |  1.6
Evocations     | 2 |  2.6
Throwing       | |  2.4

Action                     |  1- 3 |  4- 6 |  7- 9 | 10-12 || total
---------------------------+-------+-------+-------+-------++-------
  Melee: Long sword        |    56 |       |       |       ||    56
         Dagger            |    36 |   145 |   398 |   610 ||  1189
         Punch             |       |     1 |     8 |     2 ||    11
 Invoke: Stomp             |       |       |       |     5 ||     5
  Evoke: Wand              |       |       |       |     5 ||     5
    Use: Scroll            |       |       |    13 |     2 ||    15
         Potion            |       |       |     1 |       ||     1
   Stab: Paralysed         |       |       |    13 |    26 ||    39
 Armour: Leather armour    |    13 |    30 |   115 |    88 ||   246
         Ring mail         |    43 |    10 |       |       ||    53
  Dodge: Dodged            |    64 |    66 |   177 |   238 ||   545
  Block: Buckler           |       |       |       |    69 ||    69

Table legend: (Time is in decaauts)
 A = Elapsed time spent in this place.
 B = Non-inter-level travel time spent in this place.
 C = Inter-level travel time spent in this place.
 D = Time resting spent in this place.
 E = Time spent auto-exploring this place.
 F = Levels seen in this place.
 G = Mean time per level.
                   A        B        C        D        E       F      G
               +--------+--------+--------+--------+--------+-----+--------+
         Total |   4830 |   4570 |    260 |     70 |   2726 |  15 |  322.0 |
       Dungeon |   3386 |   3244 |    142 |      0 |   1997 |   8 |  423.2 |
        Temple |    230 |    176 |     54 |      0 |    169 |   1 |  230.0 |
          Lair |   1039 |    976 |     63 |      0 |    516 |   5 |  207.8 |
         Sewer |    174 |    174 |      0 |     70 |     44 |   1 |  174.0 |
               +--------+--------+--------+--------+--------+-----+--------+

Top non-repeatable levels by time:
     D:4: 607 daAuts
     D:1: 517 daAuts
     D:5: 499 daAuts
     D:3: 433 daAuts
  Lair:1: 429 daAuts
     D:7: 414 daAuts
     D:2: 343 daAuts
     D:6: 338 daAuts
  Lair:3: 270 daAuts
     D:8: 231 daAuts
  Temple: 230 daAuts
  Lair:2: 182 daAuts
   Sewer: 174 daAuts
  Lair:4: 100 daAuts
  Lair:5: 57 daAuts
